AoeStats
← tenkane

Arabia

510494299Analyzed
1v1 RM · 22h ago on Oct 1, 2026· 52m 54s· 2 players
Game mode
Random Map
Map size
Tiny (2 player)
Population
200
Speed
Normal
Resources
Standard
Victory
Conquest
Starting age
Dark Age
Ending age
Imperial Age
RankedLock teamsTeams togetherTeam positionsShared explorationLock speedFull tech treeHidden civsTurbo modeCheats
Victory
Defeat
🇫🇮 Britons · Finland
1273
+17
🇮🇹 Japanese · Italy
1285
-17
tenkane
6:58 Loom
9:24 Feudal Age
14:04 Double-Bit Axe
15:49 Fletching
16:08 Padded Archer Armor
17:31 Horse Collar
25:03 Castle Age
23:56 Gold Mining
24:53 Scale Barding Armor
25:55 Bodkin Arrow
25:24 Crossbowman
27:45 Bow Saw
28:12 Gold Shaft Mining
27:46 Heavy Plow
29:49 Leather Archer Armor
30:17 Wheelbarrow
31:23 Ballistics
31:54 Hand Cart
31:27 Town Watch
32:08 Masonry
32:27 Forging
32:21 Stone Mining
39:59 Imperial Age
37:35 Treadmill Crane
37:50 Murder Holes
38:59 Man-at-Arms
39:24 Gambesons
39:39 Squires
39:25 Arson
40:20 Iron Casting
39:45 Scale Mail Armor
39:42 Long Swordsman
40:34 Arbalester
41:19 Bracer
41:27 Siege Engineers
41:52 Architecture
41:44 Two-Handed Swordsman
42:57 Ring Archer Armor
43:33 Chemistry
43:13 Conscription
45:00 Blast Furnace
44:27 Yeomen
43:31 Champion
44:46 Chain Mail Armor
45:21 Hoardings
46:39 Warwolf
46:16 Elite Longbowman
49:54 Two-Man Saw
ema.bale99
6:29 Loom
8:59 Feudal Age
9:16 Man-at-Arms
9:53 Double-Bit Axe
12:55 Horse Collar
14:59 Fletching
15:39 Padded Archer Armor
19:51 Wheelbarrow
22:33 Castle Age
22:42 Elite Skirmisher
23:45 Leather Archer Armor
23:26 Bodkin Arrow
23:57 Bow Saw
28:35 Heavy Plow
28:28 Gold Mining
30:11 Squires
29:33 Pikeman
30:43 Scale Mail Armor
30:54 Arson
31:44 Chain Mail Armor
32:07 Thumb Ring
33:20 Stone Mining
34:05 Gold Shaft Mining
37:12 Ballistics
43:09 Imperial Age
41:13 Masonry
42:33 Yasama
43:00 Forging
44:17 Bracer
44:48 Ring Archer Armor
44:32 Guard Tower
45:43 Chemistry
46:02 Conscription
46:04 Kataparuto
Connection lost

Rejoining the realm…

Still unreachable

The connection could not be restored.

Session expired

The server has moved on; the page needs a fresh start.